 Dungeon Crawl Stone Soup version 0.28.0 (webtiles) character file.

Game seed: 1570720238523410487

127 GrayStillPlays the Skirmisher (level 4, 0/37 HPs)
             Began as a Demonspawn Fighter on Feb 13, 2022.
             Killed by divine providence
             ... invoked by an orc priest
              (11 damage)
             ... on level 3 of the Dungeon.
             The game lasted 00:05:03 (2909 turns).

GrayStillPlays the Skirmisher (Demonspawn Fighter)  Turns: 2909, Time: 00:05:03

Health: 0/37       AC:  7    Str: 18    XL:     4   Next: 85%
Magic:  4/4        EV:  7    Int:  9    God:
Gold:   105        SH:  8    Dex: 13    Spells: 3/3 levels left

rFire   . . .      SeeInvis .   a - +0 war axe {axe}
rCold   . . .      Faith    .   q - +0 kite shield
rNeg    . . .      Spirit   .   b - +0 scale mail
rPois   .          Reflect  .   (no helmet)
rElec   .          Harm     .   (no cloak)
rCorr   .          Rampage  .   (no gloves)
Will    .....                   (no boots)
Stlth   ..........              (no amulet)
HPRegen 1.12/turn               (no ring)
MPRegen 0.09/turn               (no ring)

@: no status effects
A: demonic guardian 1, powered by death 1, sharp scales 1
a: no special abilities


You were on level 3 of the Dungeon.
You visited 1 branch of the dungeon, and saw 3 of its levels.

You collected 105 gold pieces.


Innate Abilities, Weirdness & Mutations

A weak demonic guardian rushes to your aid.
You regenerate a little health from kills.
You are partially covered in razor-sharp scales. (AC +1, Slay +1)


   Skills:
 + Level 3.7 Fighting
 + Level 2.7 Axes
 + Level 3.4 Armour
 + Level 3.4 Shields


You had 3 spell levels left.
You didn't know any spells.
Your spell library contained the following spells:

 Spells                   Type           Power      Damage    Failure   Level
 Summon Guardian Golem    Hex/Summ       0%         N/A       100%        3
 Orb of Destruction       Conj           0%         9d5       100%        7
 Spellforged Servitor     Conj/Summ      0%         N/A       100%        7

Inventory:

Hand Weapons
 a - a +0 war axe (weapon) {axe}
Missiles
 d - 14 sling bullets
 j - 121 stones (quivered) {throwing}
 l - 31 bolts
 m - 6 boomerangs {throwing}
 o - 6 poisoned darts {throwing}
Armour
 b - a +0 scale mail (worn)
 c - a +0 buckler
 q - a +0 kite shield (worn)
   (You found it on level 3 of the Dungeon)
Scrolls
 e - 3 scrolls of teleportation {unknown}
 f - a scroll of vulnerability {unknown}
 h - a scroll of enchant armour {unknown}
 n - a scroll of magic mapping {unknown}
Potions
 g - a potion of haste {@q3}
 i - a potion of heal wounds {@q2}
 k - 2 potions of curing {unknown}
 p - a potion of invisibility {unknown}

Dungeon Overview and Level Annotations

Branches:
Dungeon (3/15)

Altars:
Fedhas

.........#...............#
...>..#.###.............##
.....##.# ##.....#.....####
........######..####......#
........##................#
...........###...###......#
..#......###...#.#........#
..#.......##.......#...<..#
........#.##..##@##########
........#......#.#
........##.....#5#
...........#..##o#
..............##.#
..#..###.###..##o##
.###..##.###.###oo# ##
##.##.##..# ##.# #....#..##
...


You could see 2 orc priests, 2 orcs and a friendly white imp (summoned).


Message History

A ball python comes into view.
The ball python hisses angrily.
You see here a yellow potion.
A ball python is nearby!
You slash the ball python!
You kill the ball python!
No target in view!
No target in view!
p - a yellow potion
There is a stone staircase leading down here.
e - 3 scrolls labelled IQYONU IBOQA (gained 1)
Found a stone staircase leading up.
A bat comes into view.
A frilled lizard comes into view.
The frilled lizard hisses angrily.
The bat closely misses you.
There are monsters nearby!
You miss the bat. The bat hits you but does no damage. x2
You hit the bat.
You kill the bat!
You closely miss the frilled lizard. The frilled lizard barely misses you.
A frilled lizard is nearby!
You slash the frilled lizard!
You kill the frilled lizard!
No target in view!
No target in view!
No target in view!
A dart slug comes into view.
You slash the dart slug!
You kill the dart slug!
No target in view!
No target in view!
k - 2 pink potions (gained 1)
You see here a bat corpse.
A frilled lizard comes into view.
The frilled lizard hisses angrily.
The frilled lizard completely misses you.
You slash the frilled lizard!
You kill the frilled lizard!
No target in view!
No target in view!
You see here a +0 kite shield.
q - a +0 kite shield You start removing your armour.
You continue taking off your +0 buckler. x4
You finish taking off your +0 buckler.
You start putting on your armour.
You continue putting on your +0 kite shield. x5
You finish putting on your +0 kite shield.
Sorry, you're not good enough to have a special ability.
Found a stone staircase leading up.
A goblin comes into view. It is wielding a +0 dagger.
The goblin shouts!
A goblin is nearby!
You hit the goblin.
You kill the goblin!
No target in view!
No target in view!
An orc comes into view. It is wielding a +0 dagger.
The orc shouts!
You hear a shout!
An orc priest comes into view. It is wielding a +0 club.
The orc priest shouts!
An orc comes into view. It is wielding a +0 club.
Found an escape hatch in the ceiling.
The orc shouts!
You hear a shout!
An orc comes into view. It is wielding a +0 dagger.
An orc priest comes into view. It is wielding a +0 dagger.
You block the orc's attack.
You closely miss the orc.
The orc priest begins to cast a cantrip, but forgets the words!
You block the orc's attack.
You barely miss the orc. You block the orc's attack.
The orc priest mumbles some strange prayers to Beogh against you.
Beogh smites you!
A demonic guardian appears! 😮 HP[-11]
You take 11 damage, and now have 26/37 hp.
MASSIVE DAMAGE!! (PAUSE)
You barely miss the orc. The orc hits you but does no damage.
The orc priest casts a cantrip, but nothing happens.
You block the orc's attack.
You hit the orc but do no damage. The orc closely misses you.
You swap places.
Your white imp hits the orc but does no damage.
The orc hits your white imp but does no damage.
Your white imp completely misses the orc.
The orc barely misses your white imp.
Your white imp gestures at the orc.
The puff of frost hits the orc.
The orc barely misses your white imp.
The orc priest mumbles some strange prayers to Beogh against you.
Beogh smites you!
* * * LOW HITPOINT WARNING * * *
😨 HP[-15]
You take 15 damage, and now have 11/37 hp.
MASSIVE DAMAGE!! (PAUSE)
Your white imp gestures at the orc.
The puff of frost hits the orc.
The orc dies!
The orc priest mumbles some strange prayers to Beogh against you.
Beogh smites you!
You die...

Skill      XL: |  1  2 |
---------------+-------+-----
Axes           | 2 |  2.7
Armour         | 3 |  3.4
Shields        | 3 |  3.4
Fighting       | |  3.7

Action                   |  1- 3 |  4- 6 || total
-------------------------+-------+-------++-------
Melee: War axe           |   128 |    95 ||   223
  Use: Potion            |     1 |       ||     1
       Scroll            |       |     2 ||     2
Armor: Scale mail        |    78 |    44 ||   122
Dodge: Dodged            |    49 |    47 ||    96
Block: Buckler           |    32 |    35 ||    67
       Kite shield       |       |     4 ||     4

Levels and vault maps discovered:
D:1:      enne_arrival_octagon_isle, layout_rooms, minmay_hexomino_r4
D:2:      layout_loops_ring, hangedman_decor_growths, minivault_24
D:3:      layout_rooms

Notes
Turn   | Place    | Note
-------+----------+-------------------------------------------
     0 | D:1      | GrayStillPlays the Demonspawn Fighter began the quest for
                  | the Orb.
     0 | D:1      | Reached XP level 1. HP: 18/18 MP: 1/1
     0 | D:1      | magus.rc [v1.9.6]
    34 | D:1      | You pick up a book of Dangerous Friends and begin
                  | reading...
    34 | D:1      | You add the spells Summon Guardian Golem, Orb of
                  | Destruction and Spellforged Servitor to your library.
   166 | D:1      | HP: 2/18 [goblin (3)]
   168 | D:1      | Reached skill level 2 in Axes
   168 | D:1      | Gained mutation: You are partially covered in razor-sharp
                  | scales. (AC +1, Slay +1) [demonic ancestry]
   168 | D:1      | Reached XP level 2. HP: 3/24 MP: 2/2
   421 | D:1      | Found a blossoming altar of Fedhas.
   569 | D:1      | Reached skill level 3 in Armour
   663 | D:1      | Reached skill level 3 in Shields
   789 | D:1      | Gained mutation: You regenerate a little health from kills.
                  | [demonic ancestry]
   789 | D:1      | Reached XP level 3. HP: 26/29 MP: 3/3
  1321 | D:2      | HP: 7/29 [poisoned by an adder]
  1323 | D:2      | Gained mutation: A weak demonic guardian rushes to your
                  | aid. [demonic ancestry]
  1323 | D:2      | Reached XP level 4. HP: 6/35 MP: 4/4
  1323 | D:2      | HP: 3/35 [constriction (1)]
  1324 | D:2      | HP: 1/35 [constriction (1)]
  2909 | D:3      | Killed from afar by an orc priest

Vanquished Creatures
  4 adders (D:2)
  A worm (D:2)
  2 dart slugs (D:3)
  An orc (D:3)
  4 endoplasms
  3 giant cockroaches
  4 hobgoblins (D:1)
  12 jackals
  6 kobolds (D:1)
  3 quokkas
  4 ball pythons
  7 bats
  7 frilled lizards
  10 goblins
  8 rats
76 creatures vanquished.

Vanquished Creatures (collateral kills)
  An orc (D:3)
  A ball python (D:2)
  A rat (D:2)
3 creatures vanquished.

Grand Total: 79 creatures vanquished

Table legend:
 A = Non-vault XP
 B = Vault XP
 C = Vault XP percentage of total XP
 D = Non-vault monster count
 E = Vault monster count
 F = Vault count percentage of total count
                 A         B        C        D         E       F
            +---------+---------+-------+---------+---------+-------
      Total |     181 |       4 |   2.2 |      77 |       2 |   2.5
            +---------+---------+-------+---------+---------+-------
        D:1 |      61 |       4 |   6.2 |      37 |       2 |   5.1
        D:2 |      86 |       0 |   0.0 |      24 |       0 |   0.0
        D:3 |      34 |       0 |   0.0 |      16 |       0 |   0.0
            +---------+---------+-------+---------+---------+-------

Illustrated notes

Table legend:
 A = Kills in this place as a percentage of kills in entire the game.
 B = Kills by you in this place as a percentage of kills by you in the entire game.
 C = Kills by friends in this place as a percentage of kills by friends in the entire game.
 D = Other kills in this place as a percentage of other kills in the entire game.
 E = Experience gained in this place as a percentage of experience gained in the entire game.
 F = Experience gained in this place divided by the number of levels of this place that you have seen.
                   A       B       C       D       E      F
               +-------+-------+-------+-------+-------+----------------------
         Total | 100.0 | 100.0 | 100.0 |   N/A | 100.0 |  61.7
       Dungeon | 100.0 | 100.0 | 100.0 |   N/A | 100.0 |  61.7
               +-------+-------+-------+-------+-------+----------------------

Table legend: (Time is in decaauts)
 A = Elapsed time spent in this place.
 B = Non-inter-level travel time spent in this place.
 C = Inter-level travel time spent in this place.
 D = Time resting spent in this place.
 E = Time spent auto-exploring this place.
 F = Levels seen in this place.
 G = Mean time per level.
                   A        B        C        D        E       F      G
               +--------+--------+--------+--------+--------+-----+--------+
         Total |   3006 |   2937 |     69 |    528 |   1803 |   3 | 1002.0 |
       Dungeon |   3006 |   2937 |     69 |    528 |   1803 |   3 | 1002.0 |
               +--------+--------+--------+--------+--------+-----+--------+

Top non-repeatable levels by time:
     D:1: 1456 daAuts
     D:2: 1001 daAuts
     D:3: 549 daAuts
